 Dungeon Crawl Stone Soup version 0.28-a0-309-gf6d37e6e1d (webtiles) character file.

Game seed: 9038873372251031328

53 McIrco the Shield-Bearer (level 4, 0/36 HPs)
             Began as a Human Fighter on Aug 30, 2021.
             Slain by Sigmund (9 damage)
             ... on level 2 of the Dungeon.
             The game lasted 00:01:46 (1166 turns).

McIrco the Shield-Bearer (Human Fighter)            Turns: 1166, Time: 00:01:47

Health: 0/36       AC:  6    Str: 18    XL:     4   Next: 11%
Magic:  4/4        EV:  7    Int:  8    God:
Gold:   70         SH:  0    Dex: 12    Spells: 3/3 levels left

rFire   . . .      SeeInvis .   a - +0 war axe
rCold   . . .      Faith    .   c - +0 kite shield
rNeg    . . .      Spirit   .   b - +0 scale mail
rPois   .          Reflect  .   (no helmet)
rElec   .          Harm     .   (no cloak)
rCorr   .          Rampage  .   (no gloves)
Will    .....                   (no boots)
Stlth   ..........              (no amulet)
HPRegen 0.12/turn               (no ring)
MPRegen 0.09/turn               (no ring)

@: confused, ambrosia-drunk
A: no striking features
a: no special abilities


You were on level 2 of the Dungeon.
You visited 1 branch of the dungeon, and saw 2 of its levels.

You collected 70 gold pieces.

Inventory:

Hand Weapons
 a - a +0 war axe (weapon)
Armour
 b - a +0 scale mail (worn)
 c - a +0 kite shield (worn)
Potions
 d - a potion of might


   Skills:
 + Level 3.6 Fighting
 - Level 2.0 Axes
 + Level 3.6 Armour
 + Level 3.6 Shields


You had 3 spell levels left.
You didn't know any spells.
Your spell library contained the following spells:

 Spells                   Type           Power      Damage    Failure   Level
 Shock                    Conj/Air       0%         1d3       99%         1
 Slow                     Hex            0%         N/A       100%        2
 Confusing Touch          Hex            0%         N/A       100%        3
 Swiftness                Air            0%         N/A       100%        3
 Airstrike                Air            0%         N/A       100%        4
 Yara's Violent Unravell  Hex/Tmut       0%         3d3       100%        5


Dungeon Overview and Level Annotations

Branches:
Dungeon (2/15)

Altars:

Annotations:
D:2 Sigmund


Message History

Sigmund the Dreaded comes into view.
He is wielding a +0 scythe.
Sigmund shouts!
Sigmund gestures wildly while chanting.
Sigmund flickers and vanishes!
Deactivating autopickup; reactivate with Ctrl-A.
You barely miss the rat. You block the rat's attack.
You barely miss the rat. The rat bites you. x2
You barely miss the rat. The rat bites you but does no damage.
An endoplasm comes into view.
You closely miss the rat. The rat bites you. You block the rat's attack.
You slash the rat!
You kill the rat!
The goblin shoots a stone.
The stone barely misses you.
You slash the goblin!
You kill the goblin!
You hear some strange, mumbled words.
A puff of flame appears from out of thin air!
The puff of flame hits you.
No target in view!
No target in view!
No target in view!
No target in view!
Something hits you!
Items here: ( )) ††.
You hit something. Something hits you.
You barely miss something. You block something's attack.
You hit something but do no damage. Something hits you.
You hit something but do no damage. Something hits you.
You closely miss something. Something hits you!
* * * LOW HITPOINT WARNING * * *
You slash something! Something hits you but does no damage.
You barely miss something.
You hear some strange, mumbled words.
You are confused.
Something hits you.
* * * LOW HITPOINT WARNING * * *
It was a potion of ambrosia.
You are more confused.
You feel invigorated. Something hits you!
You die...

#.#.# #.#.# #.#.#
#.#.#########
.###.#..........
........########
######.###
.†....†..###########.####
######..........@){J.....
########.###########.####
....# #.# ###...##.# #
.##.# # #.# # ... . ..# #
###


You could see an endoplasm.

Vanquished Creatures
  A gnoll (D:1)
  An adder (D:2)
  A dart slug (D:1)
  2 ball pythons (D:1)
  4 bats
  2 giant cockroaches (D:1)
  2 hobgoblins
  2 jackals (D:1)
  3 quokkas (D:1)
  3 frilled lizards (D:1)
  5 goblins
  3 kobolds (D:1)
  3 rats
32 creatures vanquished.

Vanquished Creatures (others)
  2 demonic plants (D:1)
2 creatures vanquished.

Grand Total: 34 creatures vanquished

Notes
Turn   | Place    | Note
-------+----------+-------------------------------------------
     0 | D:1      | McIrco the Human Fighter began the quest for the Orb.
     0 | D:1      | Reached XP level 1. HP: 18/18 MP: 1/1
   188 | D:1      | Reached XP level 2. HP: 13/24 MP: 2/2
   455 | D:1      | Found a faded altar of an unknown god.
   455 | D:1      | Noticed a quasit
   512 | D:1      | Reached XP level 3. HP: 29/29 MP: 3/3
  1029 | D:2      | Reached XP level 4. HP: 27/35 MP: 4/4
  1149 | D:2      | Noticed Sigmund
  1166 | D:2      | Slain by Sigmund

Illustrated notes

Levels and vault maps discovered:
D:1:      dpeg_arrival_pond, layout_loops_ring,
          dreamdust_ecumenical_altar_sealed_demon, minmay_split_cup_small
D:2:      layout_loops_ring, uniq_sigmund, uniq_crazy_yiuf_cottage

Action                   |  1- 3 |  4- 6 || total
-------------------------+-------+-------++-------
Melee: War axe           |    97 |    13 ||   110
  Use: Potion            |       |     1 ||     1
Armor: Scale mail        |    45 |     3 ||    48
Dodge: Dodged            |    35 |     1 ||    36
Block: Kite shield       |    61 |     5 ||    66

Table legend: (Time is in decaauts)
 A = Elapsed time spent in this place.
 B = Non-inter-level travel time spent in this place.
 C = Inter-level travel time spent in this place.
 D = Time resting spent in this place.
 E = Time spent auto-exploring this place.
 F = Levels seen in this place.
 G = Mean time per level.
                   A        B        C        D        E       F      G
               +--------+--------+--------+--------+--------+-----+--------+
         Total |   1236 |   1213 |     23 |      0 |    939 |   2 |  618.0 |
       Dungeon |   1236 |   1213 |     23 |      0 |    939 |   2 |  618.0 |
               +--------+--------+--------+--------+--------+-----+--------+

Top non-repeatable levels by time:
     D:1: 1043 daAuts
     D:2: 192 daAuts
